AoeStats
← er_Dionis

Arena

509578594Analyzed
2v2 RM · 3d ago on Sep 27, 2026· 54m 28s· 4 players
Game mode
Random Map
Map size
Medium (4 player)
Population
200
Speed
Normal
Resources
Standard
Victory
Conquest
Starting age
Dark Age
Ending age
Imperial Age
RankedLock teamsTeams togetherTeam positionsShared explorationLock speedFull tech treeHidden civsTurbo modeCheats
Victory
Defeat
🇺🇦 Teutons · Ukraine
603
+15
🇪🇸 Persians · Spain
539
+17
🇩🇪 Mongols · Germany
572
-16
🇮🇹 Burgundians · Italy
565
-16
Hansalfred
0:46 Loom
10:52 Feudal Age
11:46 Double-Bit Axe
12:38 Wheelbarrow
11:54 Horse Collar
13:14 Town Watch
14:09 Padded Archer Armor
20:50 Castle Age
19:52 Stone Mining
20:21 Fletching
22:06 Bow Saw
23:13 Heavy Plow
25:28 Scale Mail Armor
27:40 Gold Mining
28:09 Caravan
29:20 Ballistics
29:41 Leather Archer Armor
30:02 Bodkin Arrow
31:02 Scale Barding Armor
31:47 Hand Cart
32:40 Forging
32:52 Chain Barding Armor
33:03 Masonry
33:22 Murder Holes
33:40 Squires
33:26 Arson
35:15 Chain Mail Armor
35:14 Fortified Wall
35:14 Thumb Ring
36:12 Iron Casting
36:14 Husbandry
36:26 Bloodlines
35:44 Pikeman
36:30 Light Cavalry
37:59 Stone Shaft Mining
38:03 Gold Shaft Mining
38:28 Nomads
41:25 Imperial Age
42:36 Conscription
42:06 Elite Mangudai
42:52 Bracer
43:23 Plate Mail Armor
42:48 Sappers
44:02 Parthian Tactics
49:00 Elite Steppe Lancer
bs-32
12:20 Feudal Age
16:14 Double-Bit Axe
16:12 Horse Collar
18:23 Bow Saw
18:20 Heavy Plow
23:58 Castle Age
22:33 Stone Mining
22:38 Gold Mining
27:27 Gold Shaft Mining
27:31 Stone Shaft Mining
30:25 Town Watch
31:15 Wheelbarrow
30:26 Loom
31:26 Forging
31:17 Scale Mail Armor
31:22 Scale Barding Armor
31:18 Padded Archer Armor
31:09 Fletching
31:29 Town Patrol
35:46 Imperial Age
33:36 Hand Cart
39:03 Two-Man Saw
38:46 Elite Coustillier
39:36 Burgundian Vineyards
46:22 Iron Casting
46:02 Chain Mail Armor
46:08 Chain Barding Armor
49:16 Blast Furnace
48:46 Plate Mail Armor
48:32 Leather Archer Armor
48:13 Bodkin Arrow
51:00 Elite Skirmisher
er_Dionis
12:05 Feudal Age
16:51 Castle Age
17:49 Double-Bit Axe
19:10 Loom
19:49 Bow Saw
20:22 Horse Collar
22:08 Heavy Plow
33:34 Imperial Age
34:32 Gold Mining
35:21 Wheelbarrow
35:20 Crop Rotation
35:56 Two-Man Saw
35:25 Kamandaran
35:40 Thumb Ring
34:56 Crossbowman
35:00 Pikeman
35:06 Elite Skirmisher
36:33 Gold Shaft Mining
35:54 Stone Mining
36:25 Hand Cart
36:27 Guilds
36:22 Fletching
36:32 Padded Archer Armor
36:44 Forging
36:39 Scale Barding Armor
36:35 Scale Mail Armor
36:48 Caravan
37:29 Conscription
37:15 Husbandry
37:38 Bloodlines
37:44 Bodkin Arrow
38:05 Leather Archer Armor
37:42 Town Watch
38:44 Town Patrol
39:10 Ballistics
39:51 Chemistry
38:49 Murder Holes
39:05 Masonry
39:41 Iron Casting
38:35 Halberdier
40:22 Elite War Elephant
41:38 Citadels
42:10 Hoardings
42:18 Squires
42:03 Gambesons
42:05 Arson
41:47 Cavalier
43:22 Stone Shaft Mining
43:02 Savar
44:21 Ring Archer Armor
44:12 Chain Barding Armor
45:05 Blast Furnace
44:21 Chain Mail Armor
44:55 Parthian Tactics
44:16 Heavy Cavalry Archer
45:45 Architecture
46:13 Capped Ram
BATMAN
9:52 Feudal Age
10:40 Double-Bit Axe
11:59 Horse Collar
14:18 Town Watch
14:20 Loom
16:21 Gold Mining
16:24 Stone Mining
21:48 Castle Age
19:30 Man-at-Arms
21:50 Wheelbarrow
22:43 Bow Saw
22:35 Heavy Plow
24:12 Stone Shaft Mining
23:37 Long Swordsman
26:18 Squires
27:30 Fortified Wall
28:33 Town Patrol
29:07 Pikeman
29:32 Arson
29:33 Gambesons
30:39 Forging
30:30 Scale Mail Armor
32:54 Ironclad
34:05 Fletching
34:17 Padded Archer Armor
34:23 Scale Barding Armor
34:53 Iron Casting
35:07 Masonry
34:50 Guard Tower
35:37 Hand Cart
39:16 Imperial Age
37:22 Ballistics
38:37 Chain Mail Armor
39:12 Bodkin Arrow
39:38 Chain Barding Armor
40:51 Crop Rotation
40:02 Elite Teutonic Knight
41:59 Two-Man Saw
40:30 Two-Handed Swordsman
43:01 Blast Furnace
42:48 Conscription
43:07 Hoardings
43:57 Siege Engineers
44:14 Sappers
46:20 Leather Archer Armor
46:38 Plate Mail Armor
46:50 Plate Barding Armor
47:04 Elite Skirmisher
49:57 Chemistry
51:27 Ring Archer Armor
51:06 Champion
Connection lost

Rejoining the realm…

Still unreachable

The connection could not be restored.

Session expired

The server has moved on; the page needs a fresh start.